 Dungeon Crawl Stone Soup version 0.21.1-1-g345015fe64 (webtiles) character file.

1052 Oravi the Changer (level 8, 0/56 HPs)
             Began as a Merfolk Transmuter on Apr 13, 2018.
             Slain by a gnoll (6 damage)
             ... on level 5 of the Dungeon.
             The game lasted 00:21:24 (5808 turns).

Oravi the Changer (Merfolk Transmuter)              Turns: 5808, Time: 00:21:25

Health: 0/56       AC:  2    Str: 11    XL:     8   Next: 26%
Magic:  11/11      EV: 23    Int: 14    God:
Gold:   208        SH:  0    Dex: 19    Spells: 5/11 levels left

rFire    . . .     SeeInvis .     - Unarmed
rCold    . . .     Gourm    .   (shield currently unavailable)
rNeg     . . .     Faith    .   (armour currently unavailable)
rPois    x         Spirit   .   (helmet currently unavailable)
rElec    .         Reflect  .   (cloak currently unavailable)
rCorr    .         Harm     .   (gloves currently unavailable)
MR       +....                  (boots currently unavailable)
Stlth    ++........             (no amulet)
HPRegen  0.18/turn              o - ring of protection from magic
MPRegen  0.12/turn              n - ring of wizardry

@: spider-form (expiring)
A: tiny, (change form in water), (swift swim), (stealthy swim)
a: End Transformation


You were on level 5 of the Dungeon.
You were not hungry.
You were a venomous arachnid creature.
You visited 1 branch of the dungeon, and saw 5 of its levels.

You collected 234 gold pieces.
You spent 26 gold pieces at shops.

Inventory:

Missiles
 a - 75 arrows
Armour
 b - a +1 robe (melded)
Jewellery
 i - an uncursed amulet of faith
 n - a ring of wizardry (right front leg)
 o - a ring of protection from magic (left front leg)
Wands
 v - a wand of polymorph (13)
Scrolls
 h - 2 scrolls of remove curse
 l - a scroll of magic mapping
 m - 2 scrolls of teleportation
Potions
 e - a potion of haste
 f - 2 potions of might
 g - a potion of brilliance
 j - a potion of lignification
 k - 3 potions of agility
 p - a potion of flight
 r - a potion of magic
Books
 c - a book of Changes

   Spells                             Type                      Level
   a - Beastly Appendage              Transmutation                1
   b - Sticks to Snakes               Transmutation                2
   c - Spider Form                    Transmutation/Poison         3
   d - Ice Form                       Ice/Transmutation            4
   e - Blade Hands                    Transmutation                5
Comestibles
 d - 17 rations
 q - 2 chunks of flesh


   Skills:
 + Level 2.0 Fighting
 + Level 4.3 Dodging
 + Level 6.8 Unarmed Combat
 - Level 2.0 Spellcasting
 * Level 7.5 Transmutations
 * Level 4.5 Poison Magic


You had 5 spell levels left.
You knew the following spells:

 Your Spells              Type           Power        Failure   Level  Hunger
a - Beastly Appendage     Tmut           ###...       2%          1    ##.....
b - Sticks to Snakes      Tmut           ###.....     2%          2    ###....
c - Spider Form           Tmut/Pois      ###.......   7%          3    ####...


Dungeon Overview and Level Annotations

Branches:
Dungeon (5/15)
 Temple: D:4-7

Altars:
Cheibriados
Okawaru
Xom

Shops:
D:4 *


Message History

You hear a splash.
The gnoll shouts!
You bite the gnoll!
The gnoll is heavily wounded.
You hear a shout!
The gnoll splashes around in the water.
You hit the jackal but do no damage.
The jackal is poisoned.
The jackal misses you. The gnoll hits you.
You hit the jackal.
You kill the jackal!
The gnoll hits you.
You hit the gnoll but do no damage.
The gnoll is poisoned.
The gnoll splashes around in the water.
You hit the gnoll but do no damage.
The gnoll looks as sick as possible!
The gnoll is lightly wounded.
The gnoll hits you with a flail of protection!
* * * LOW HITPOINT WARNING * * *
The gnoll barely misses you. The gnoll hits you.
You die...

# # # .# #
######################.##########
.................................
..≈≈≈≈≈≈≈≈≈≈≈≈≈≈≈≈{≈≈....≈≈≈≈≈≈)≈
..≈≈≈≈≈≈≈≈≈≈≈≈≈≈≈≈≈≈≈....≈≈≈≈≈≈≈≈
..≈≈#####≈≈≈≈≈≈≈)g≈g≈....≈≈≈≈≈≈≈≈
..≈≈#...#......[sg.g.............
.P≈≈#...#############''''########
..≈≈###'# #.... ..≈≈≈.#.. #....
..≈≈≈.#.#. ..≈≈≈.#.## ..≈≈≈.#
..≈≈≈.# ..≈≈≈.#.#


You could see 4 gnolls.

Vanquished Creatures
  A sky beast (D:5)
  2 ogres (D:5)
  A centaur (D:5)
  A scorpion (D:5)
  A howler monkey (D:5)
  A centaur skeleton (D:4)
  A hound (D:5)
  2 orc wizards (D:4)
  4 worker ants
  A hound skeleton (D:4)
  A hound zombie (D:4)
  19 gnolls
  6 adders
  A shadow imp (D:4)
  2 oozes (D:2)
  A worm (D:3)
  4 dart slugs
  8 leopard geckos
  15 orcs
  A ball python (D:2)
  10 giant cockroaches
  7 goblins
  10 hobgoblins
  8 jackals (D:5)
  10 kobolds
  A quokka (D:2)
  A bat (D:2)
  5 frilled lizards
  11 rats
  A bush (D:2)
137 creatures vanquished.

Notes
Turn   | Place    | Note
-------+----------+-------------------------------------------
     0 | D:1      | Oravi the Merfolk Transmuter began the quest for the Orb.
     0 | D:1      | Reached XP level 1. HP: 15/15 MP: 3/3
   189 | D:1      | Reached XP level 2. HP: 17/21 MP: 3/5
   200 | D:1      | Reached skill level 3 in Transmutations
   495 | D:1      | Reached XP level 3. HP: 13/26 MP: 3/6
   499 | D:1      | Learned a level 2 spell: Sticks to Snakes
   503 | D:1      | Learned a level 3 spell: Spider Form
  1176 | D:2      | Found a snail-covered altar of Cheibriados.
  1256 | D:2      | Reached skill level 4 in Transmutations
  1271 | D:2      | Reached XP level 4. HP: 25/32 MP: 2/7
  1439 | D:2      | Reached skill level 1 in Poison Magic
  1860 | D:3      | Reached XP level 5. HP: 24/37 MP: 5/8
  2649 | D:3      | Found an iron altar of Okawaru.
  2960 | D:4      | Reached skill level 5 in Transmutations
  3331 | D:4      | Found Boxaf's General Store.
  3336 | D:4      | Bought a scroll of identify for 26 gold pieces
  3349 | D:4      | Reached XP level 6. HP: 43/43 MP: 5/9
  3817 | D:4      | Reached skill level 5 in Unarmed Combat
  3841 | D:4      | Reached skill level 6 in Transmutations
  4205 | D:5      | Entered Level 5 of the Dungeon
  4213 | D:5      | Reached XP level 7. HP: 38/48 MP: 6/10
  4958 | D:5      | Found a shimmering altar of Xom.
  5265 | D:5      | Reached skill level 7 in Transmutations
  5265 | D:5      | Reached XP level 8. HP: 32/56 MP: 8/11
  5808 | D:5      | Slain by a gnoll

Skill      XL: |  1  2  3  4  5  6  7  8 |
---------------+-------------------------+-----
Transmutations | 3 4 5 6 7 |  7.5
Dodging        | 3 4 |  4.3
Unarmed Combat | 4 5 6 |  6.8
Poison Magic   | 1 2 3 4 |  4.5
Fighting       | 2 |  2.0
Spellcasting   | |  2.0

Action                   |  1- 3 |  4- 6 |  7- 9 || total
-------------------------+-------+-------+-------++-------
Melee: Unarmed           |   115 |   267 |   127 ||   509
       Headbutt          |     9 |     4 |       ||    13
       Punch             |     2 |     3 |     2 ||     7
 Cast: Beastly Appendage |    19 |     5 |     1 ||    25
       Spider Form       |     3 |    29 |    16 ||    48
 Abil: End Transformatio |       |       |     1 ||     1
  Use: Scroll            |     6 |     8 |     2 ||    16
       Potion            |       |       |     3 ||     3
 Stab: Sleeping          |       |     2 |       ||     2
  Eat: Chunk             |     2 |    14 |     4 ||    20
       Ration            |       |       |     1 ||     1
Armor: Robe              |     6 |     2 |       ||     8
       Skin              |       |     4 |     5 ||     9
Dodge: Dodged            |    61 |   137 |    84 ||   282
